 Dungeon Crawl Stone Soup version 0.19.5 (webtiles) character file.

3484 Gargoyl the Schismatic (level 10, 0/83 HPs)
             Began as a Ghoul Abyssal Knight on Apr 19, 2017.
             Was an Elder of Lugonu.
             Slain by a mottled dragon (5 damage)
             ... on level 6 of the Dungeon.
             The game lasted 00:15:49 (6091 turns).

Gargoyl the Schismatic (Ghoul Abyssal Knight)       Turns: 6091, Time: 00:15:50

Health: 0/83       AC: 16    Str: 17    XL:     10   Next: 7%
Magic:  7/14       EV:  5    Int:  7    God:    Lugonu [****..]
Gold:   394        SH:  4    Dex: 11    Spells: 0 memorised, 9 levels left

rFire  . . .     SeeInvis .     y - +4 falchion (protect)
rCold  + . .     Gourm    .     d - +0 plate armour
rNeg   + + +     Faith    .     m - +0 buckler
rPois  ∞         Spirit   .     g - +1 helmet
rElec  .         Reflect  .     (no cloak)
rCorr  .         Harm     .     n - +0 pair of gloves
MR     .....                    (no boots)
Stlth  ..........               (no amulet)
                                (no ring)
                                (no ring)

@: liquid flames, rotting, glowing
A: rotting body, claws 1, carnivore 3, cold resistance 1, negative energy
resistance 3, slow regeneration 1, torment resistance, unbreathing
a: Depart the Abyss, Bend Space, Banish, Corrupt, Renounce Religion


You were on level 6 of the Dungeon.
You worshipped Lugonu.
Lugonu was greatly pleased with you.
You were not hungry.

You visited 1 branch of the dungeon, and saw 7 of its levels.
You visited the Abyss 1 time.

You collected 394 gold pieces.

Inventory:

Hand Weapons
 a - a +3 hand axe
 y - a +4 falchion of protection (weapon)
 F - a +0 war axe
Armour
 d - a +0 plate armour (worn)
 g - a +1 helmet (worn)
 m - a +0 buckler (worn)
 n - a +0 pair of gloves (worn)
Jewellery
 q - an uncursed ring of flight
 D - an uncursed amulet of the gourmand {unknown}
Wands
 b - a wand of polymorph (7/24)
 B - a wand of flame (21/48)
Scrolls
 i - 2 scrolls of teleportation
 v - 8 scrolls of identify
 C - 2 scrolls of remove curse
Potions
 e - a potion of haste
 h - a potion of lignification {unknown}
 j - 2 potions of flight {unknown}
 k - a potion of brilliance {unknown}
 o - a potion of cancellation {unknown}
 p - a potion of resistance {unknown}
 r - 2 potions of curing {unknown}
 s - 2 potions of mutation {unknown}
 t - a potion of agility {unknown}
 w - a potion of heal wounds
 x - a potion of berserk rage {unknown}
 z - 2 potions of degeneration {unknown}
 A - 2 potions of might {unknown}
Books
 l - a book of Changes

   Spells                             Type                      Level
   a - Beastly Appendage              Transmutation                1
   b - Sticks to Snakes               Transmutation                2
   c - Spider Form                    Transmutation/Poison         3
   d - Ice Form                       Ice/Transmutation            4
   e - Blade Hands                    Transmutation                5
Comestibles
 c - 5 meat rations
 f - 2 royal jellies
 u - 3 beef jerkies
 E - 2 chunks of flesh


   Skills:
 + Level 5.9 Fighting
 + Level 5.6 Long Blades
 + Level 5.4 Axes
 * Level 6.8 Armour
 + Level 1.3 Dodging
 + Level 2.3 Shields
 * Level 7.3 Invocations


You had 9 spell levels left.
You didn't know any spells.

Dungeon Overview and Level Annotations

Branches:
Dungeon (7/15)             Temple (0/1) D:4

Altars:
Ashenzari
Cheibriados
Dithmenos
Nemelex Xobeh
Okawaru
Vehumet

Shops:
D:6 (

Annotations:
D:3 AAAAA's ghost, weakling FeWn


Innate Abilities, Weirdness & Mutations

Your body is rotting away.
You thrive on raw meat.
You are immune to poison.
You have sharp fingernails.
You are carnivorous and can eat meat at any time.
Your flesh is cold resistant. (rC+)
You are immune to negative energy. (rN+++)
You regenerate slowly when monsters are visible.
You are immune to unholy pain and torment.
You can survive without breathing.


Message History

The mottled dragon claws you but does no damage.
You closely miss the mottled dragon.
The mottled dragon is moderately wounded.
You are covered in liquid flames!
* * * LOW HITPOINT WARNING * * *
The mottled dragon breathes sticky fire at you.
The sticky flame hits you!
You are covered in liquid flames!
* * * LOW HITPOINT WARNING * * *
The black bear barely misses you.
The black bear claws you but does no damage. x2
You are covered in liquid flames!
* * * LOW HITPOINT WARNING * * *
You see here a large rock.
Eat one of 2 chunks of flesh? (ye/n/q)
You start eating one of the 2 chunks of flesh.
You are covered in liquid flames!
* * * LOW HITPOINT WARNING * * *
The mottled dragon bites you.
You die...

.........<...## #.# #...##.#
####.#.#.#....###.####.###.#
####.....##............###.#
.).....#####...............#
######## ##.########.#.(##
#.# #.#..# #.# #....#
################..#
....?.hD@...# #..######
......$#(...####.......#
.......#....#.).)#####.# #
.......#....####.## #.# #
.......#....#.....# #.# #
.......#....####..# #.#
.......#....# #...# #.#
.......#...)###...####.#
#....#.......##.#


You could see a black bear and a mottled dragon.

Vanquished Creatures
  2 water moccasins
  Duvessa (D:6)
  3 ice beasts (D:6)
  A black bear (D:7)
  3 sky beasts (D:6)
  A phantom (D:4)
  2 ogres (D:7)
  5 necrophages
  Dowan (D:6)
  2 scorpions (D:4)
  A water moccasin skeleton (D:6)
  4 howler monkeys
  3 bullfrog zombies
  3 crimson imps (D:6)
  4 jellies
  2 hounds (D:6)
  A quasit (D:7)
  An orc wizard (D:3)
  A bullfrog skeleton (D:4)
  2 centaur skeletons
  Ijyb (D:3)
  An iguana (D:5)
  6 worker ants
  A hound skeleton (D:6)
  A mummy (D:7)
  Robin (D:2)
  A gnoll (D:6)
  8 adders
  3 shadow imps
  An ufetubus (Abyss:1)
  3 oozes (D:4)
  4 worms
  3 dart slugs
  4 leopard geckos
  13 orcs
  6 bats
  5 giant cockroaches
  16 goblins
  15 hobgoblins
  7 jackals
  4 quokkas
  11 frilled lizards
  11 kobolds
  5 rats
174 creatures vanquished.

Vanquished Creatures (others)
  A wolf spider (D:7)
  A cyclops (D:6)
  An ogre (D:5)
3 creatures vanquished.

Grand Total: 177 creatures vanquished

Notes
Turn   | Place    | Note
-------+----------+-------------------------------------------
     0 | Abyss:1  | Gargoyl the Ghoul Abyssal Knight began the quest for the Orb.
     0 | Abyss:1  | Reached XP level 1. HP: 19/19 MP: 1/1
    77 | Abyss:1  | Found a corrupted altar of Lugonu.
   187 | Abyss:1  | Noticed a large abomination
   222 | Abyss:1  | Reached skill level 1 in Dodging
   226 | Abyss:1  | Noticed an ancient zyme
   229 | Abyss:1  | Noticed a large abomination
   298 | Abyss:2  | Noticed a neqoxec
   300 | D:1      | Escaped the Abyss
   305 | D:1      | Reached XP level 2. HP: 15/26 MP: 0/2
   414 | D:1      | Reached * piety under Lugonu
   569 | D:1      | Reached XP level 3. HP: 28/33 MP: 3/3
  1253 | D:2      | Reached ** piety under Lugonu
  1311 | D:2      | Reached XP level 4. HP: 25/40 MP: 4/4
  1418 | D:2      | Noticed Robin
  1439 | D:2      | Killed Robin
  1528 | D:2      | Reached XP level 5. HP: 26/46 MP: 6/6
  1650 | D:2      | Found a faded altar of an unknown god.
  1900 | D:3      | Reached skill level 3 in Invocations
  2014 | D:3      | Noticed AAAAA's ghost (weakling FeWn)
  2129 | D:3      | Noticed Ijyb
  2151 | D:3      | Killed Ijyb
  2294 | D:3      | Reached *** piety under Lugonu
  2294 | D:3      | Reached XP level 6. HP: 46/52 MP: 7/7
  2650 | D:4      | Found a staircase to the Ecumenical Temple.
  2727 | D:4      | Noticed a phantom
  2793 | D:4      | Killed a phantom
  2928 | D:4      | Found a snail-covered altar of Cheibriados.
  2941 | D:4      | Reached skill level 4 in Invocations
  2947 | D:4      | Reached XP level 7. HP: 28/60 MP: 7/9
  3037 | D:4      | Reached skill level 1 in Shields
  3432 | D:5      | Entered Level 5 of the Dungeon
  3654 | D:5      | Reached skill level 5 in Axes
  3654 | D:5      | Reached XP level 8. HP: 25/67 MP: 10/10
  3737 | D:5      | Found a shadowy altar of Dithmenos.
  3738 | D:5      | Found an iron altar of Okawaru.
  3798 | D:5      | Found a sparkling altar of Nemelex Xobeh.
  3923 | D:5      | Found a sparkling altar of Nemelex Xobeh.
  4007 | D:5      | Found a shattered altar of Ashenzari.
  4147 | D:6      | Reached skill level 5 in Invocations
  4167 | D:6      | Reached skill level 1 in Long Blades
  4190 | D:6      | Found a shattered altar of Ashenzari.
  4274 | D:6      | Found Kys Vuud's Weapon Boutique.
  4336 | D:6      | Noticed Duvessa
  4336 | D:6      | Noticed Dowan
  4357 | D:6      | Reached skill level 5 in Armour
  4372 | D:6      | Killed Duvessa
  4372 | D:6      | Reached skill level 5 in Fighting
  4405 | D:6      | Killed Dowan
  4627 | D:6      | Found a radiant altar of Vehumet.
  4928 | D:6      | Reached **** piety under Lugonu
  5069 | D:6      | Reached XP level 9. HP: 69/73 MP: 12/12
  5184 | D:7      | Reached skill level 6 in Invocations
  5678 | D:6      | Noticed a wolf spider
  5678 | D:6      | Noticed a cyclops
  5678 | D:6      | Noticed a wind drake
  5792 | D:7      | Banished a wolf spider
  5792 | D:7      | Reached skill level 5 in Long Blades
  5931 | D:7      | Reached skill level 7 in Invocations
  6054 | D:6      | Reached XP level 10. HP: 83/83 MP: 14/14
  6086 | D:6      | Banished a cyclops
  6091 | D:6      | Slain by a mottled dragon

Skill      XL: |  1  2  3  4  5  6  7  8  9 |
---------------+----------------------------+-----
Dodging        | 1 |  1.3
Axes           | 2 3 4 5 |  5.4
Armour         | 2 3 4 5 6 |  6.8
Fighting       | 4 5 |  5.9
Invocations    | 3 4 5 7 |  7.3
Shields        | 1 2 |  2.3
Long Blades    | 3 5 |  5.6

Action                   |  1- 3 |  4- 6 |  7- 9 | 10-12 || total
-------------------------+-------+-------+-------+-------++-------
Melee: Hand axe          |   133 |   289 |   136 |       ||   558
       Falchion          |       |       |   376 |    14 ||   390
Invok: Depart the Abyss  |     1 |       |       |       ||     1
       Banish            |       |       |     2 |     2 ||     4
Evoke: Wand              |       |       |     1 |       ||     1
  Use: Scroll            |     6 |     1 |     7 |       ||    14
       Potion            |       |       |     1 |       ||     1
  Eat: Chunk             |    10 |    38 |    45 |       ||    93
Armor: Leather armour    |     4 |       |       |       ||     4
       Plate armour      |    97 |   261 |   485 |    20 ||   863
Dodge: Dodged            |    40 |    64 |   128 |     2 ||   234
Block: Buckler           |       |    33 |    91 |     1 ||   125
       Rpst.: Falchion   |       |       |    27 |       ||    27
